 Dungeon Crawl Stone Soup version 0.31.0-12-g77e489cdc1 (webtiles) character file.

Game seed: 5206568503052593739

2919 Marvel the Chopper (level 9, -5/73 (88) HPs)
             Began as a Troll Fighter on Feb 25, 2024.
             Was a Believer of Okawaru.
             Slain by an orc priest
             ... wielding a +0 hand axe
              (6 damage)
             ... on level 7 of the Dungeon.
             The game lasted 00:13:41 (5461 turns).

Marvel the Chopper (Troll Fighter)                  Turns: 5461, Time: 00:13:42

HP:   -5/73 (88)    AC:  5    Str: 30    XL:     9   Next: 50%
MP:   7/8           EV: 10    Int:  4    God:    Okawaru [**....]
Gold: 295           SH:  8    Dex:  9    Spells: 8/8 levels left

rFire   . . .        a - +1 war axe
rCold   . . .        c - +0 kite shield
rNeg    . . .        b - +0 robe
rPois   .            (helmet restricted)
rElec   .            r - +0 cloak
rCorr   .            (gloves unavailable)
SInv    .            (boots unavailable)
Will    .....        (no amulet)
Stlth   +            (no ring)
HPRegen 1.12/turn    (no ring)
MPRegen 0.11/turn

%: no passive effects
@: lethally poisoned (-5 -> -7), heavily drained
A: large, unfitting armour, claws 3, regeneration 1, shaggy fur 1, tough skin 1
a: Renounce Religion, Heroism


You were on level 7 of the Dungeon.
You worshipped Okawaru.
Okawaru was pleased with you.
You visited 2 branches of the dungeon, and saw 8 of its levels.

You collected 295 gold pieces.

Inventory:

Hand Weapons
 a - a +1 war axe (weapon)
 q - a +4 quarterstaff of chaos
 w - a +0 battleaxe
Missiles
 e - 4 poisoned darts (quivered)
 u - 2 silver javelins
Armour
 b - a +0 robe (worn)
 c - a +0 kite shield (worn)
 r - a +0 cloak (worn)
Jewellery
 p - a ring of fire
Wands
 s - a wand of mindburst (17)
Scrolls
 f - 8 scrolls of identify
 g - 3 scrolls of teleportation
 j - 2 scrolls of amnesia
 v - a scroll of fog
Potions
 d - a potion of heal wounds {unknown}
 h - a potion of lignification
 i - 2 potions of mutation
 k - a potion of invisibility {unknown}
 l - 2 potions of curing
 m - 2 potions of brilliance {unknown}
 n - a potion of enlightenment {unknown}
 o - 2 potions of attraction {unknown}
 t - a potion of haste


   Skills:
 + Level 5.1 Fighting
 + Level 7.7 Axes
 + Level 0.8 Throwing
 + Level 5.1 Dodging
 - Level 1.0 Stealth
 - Level 5.5 Shields


You had 8 spell levels left.
You didn't know any spells.
Your spell library contained the following spells:

 Spells                   Type           Power      Damage    Failure   Level
 Volatile Blastmotes      Fire/Tloc      0%         2d10      97%         3
 Fulminant Prism          Conj/Alch      0%         3d5       100%        4
 Iskenderun's Mystic Bla  Conj/Tloc      0%         2d3       100%        4
 Olgreb's Toxic Radiance  Alch           0%         N/A       100%        4
 Orb of Destruction       Conj           0%         9d5       100%        7
 Ozocubu's Refrigeration  Ice            0%         4d7       100%        7
 Discord                  Hex            0%         N/A       100%        8
 Summon Blazeheart Golem  Fire/Summ      Unusable   N/A       N/A         4
 Spellforged Servitor     Conj/Summ      Unusable   N/A       N/A         7

Dungeon Overview and Level Annotations

Branches:
Dungeon (7/15)             Temple (1/1) D:4

Altars:
Ashenzari
Cheibriados
Dithmenos
Elyvilon
Fedhas
Gozag
Hepliaklqana
Kikubaaqudgha
Makhleb
Okawaru
Ru
Sif Muna
Uskayaw
Vehumet
Wu Jian
Xom
Yredelemnul
Zin
The Shining One

Shops:
D:6 *

Annotations:
D:5 3 runed translucent doors, dogaso222's ghost, novice OnAE


Innate Abilities, Weirdness & Mutations

You are too large for most types of armour.
You have claws for hands.
Your natural rate of healing is unusually fast.
You are covered in fur. (AC +1)
You have tough skin. (AC +1)


Message History

The killer bee stings you but does no damage.
The killer bee stings you.
* * * LOW HITPOINT WARNING * * *
An orc priest comes into view. It is wielding a +0 dagger.
The killer bee stings you but does no damage.
You miss the killer bee.
The killer bee is lightly wounded.
You slash the orc warrior!
You feel sick. You block the killer bee's attack.
An orc priest comes into view. It is wielding a +0 hand axe.
The orc warrior hits you but does no damage.
You block the killer bee's attack.
The orc priest shouts!
You hit the killer bee.
The killer bee is moderately wounded.
You barely miss the orc warrior.
You feel sick. The killer bee barely misses you.
You block the killer bee's attack.
You closely miss the killer bee.
The killer bee is moderately wounded.
You closely miss the orc warrior.
You feel sick. You block the killer bee's attack. The killer bee stings you.
* * * LOW HITPOINT WARNING * * *
You are more poisoned.
The killer bee poisons you!
The orc warrior hits you with a +0 dire flail.
* * * LOW HITPOINT WARNING * * *
The orc warrior hits you with a +0 dire flail.
* * * LOW HITPOINT WARNING * * *
The orc priest hits you but does no damage.
The orc completely misses you. You block the killer bee's attack.
You closely miss the killer bee.
The killer bee is moderately wounded.
You slash the orc priest! You slash the orc!
You kill the orc!
Okawaru accepts your kill.
You closely miss the orc warrior.
* * * LOW HITPOINT WARNING * * *
You feel sick. The killer bee barely misses you. The killer bee misses you.
You block the orc warrior's attack.
The orc priest hits you with a +0 hand axe.
You die...

.#... .... .... ... ..#
#..# ..# #.. #.## . ..#
##.# #yo# ..
...###...###@o#.#...
#..#..#..#..o...... #..
#.............
##.####..##....... ..
#...#.#........... ...
#.....#......... ....
##...###.........
....## ##.## #.........
......##...###...##....


You could see an orc warrior, a killer bee and 2 orc priests.

Vanquished Creatures
  Grinder (D:3)
  Menkaure (D:3)
  A water moccasin (D:6)
  An orc warrior (D:4)
  A sky beast (D:6)
  3 black bears
  2 ice beasts
  3 ogres (D:4)
  2 centaurs (D:6)
  A phantom (D:6)
  Blork the orc (D:5)
  A scorpion (D:6)
  8 wights
  2 killer bees (D:7)
  A bombardier beetle (D:5)
  A gnoll bouda (D:5)
  2 hounds (D:5)
  4 jellies
  Crazy Yiuf (D:5)
  3 orc wizards
  3 iguanas
  Robin (D:3)
  8 adders
  11 gnolls
  3 white imps
  4 ufetubi (D:5)
  2 dart slugs (D:2)
  4 ribbon worms
  17 orcs
  10 ball pythons
  6 bats
  13 endoplasms
  7 giant cockroaches
  17 goblins
  11 hobgoblins
  10 kobolds
  4 quokkas
  2 frilled lizards
  4 rats
177 creatures vanquished.

Vanquished Creatures (others)
  A hobgoblin (D:3)
1 creature vanquished.

Grand Total: 178 creatures vanquished

Notes
Turn   | Place    | Note
-------+----------+-------------------------------------------
     0 | D:1      | Marvel the Troll Fighter began the quest for the Orb.
     0 | D:1      | Reached XP level 1. HP: 22/22 MP: 0/0
   118 | D:1      | Reached XP level 2. HP: 29/29 MP: 1/1
   262 | D:1      | Reached skill level 2 in Axes
   401 | D:1      | Reached XP level 3. HP: 36/36 MP: 2/2
   772 | D:2      | Found a faded altar of an unknown god.
   891 | D:2      | Reached XP level 4. HP: 44/44 MP: 3/3
  1011 | D:2      | Reached skill level 3 in Axes
  1241 | D:3      | Noticed Robin
  1264 | D:3      | Killed Robin
  1273 | D:3      | Reached XP level 5. HP: 40/52 MP: 4/4
  1336 | D:3      | Found an ancient bone altar of Kikubaaqudgha.
  1791 | D:3      | Noticed Grinder
  1801 | D:3      | Killed Grinder
  1802 | D:3      | Reached skill level 4 in Axes
  1802 | D:3      | Reached XP level 6. HP: 31/61 MP: 5/5
  2040 | D:4      | Noticed Menkaure
  2064 | D:3      | Killed Menkaure
  2065 | D:3      | Reached XP level 7. HP: 13/67 MP: 6/6
  2317 | D:4      | Reached skill level 5 in Axes
  2388 | D:4      | Found a staircase to the Ecumenical Temple.
  2397 | Temple   | Entered the Ecumenical Temple
  2467 | Temple   | Became a worshipper of Warmaster Okawaru
  2819 | D:5      | Entered Level 5 of the Dungeon
  3074 | D:4      | Found the +1 Delatra's gloves {ID++}
  3215 | D:5      | Reached XP level 8. HP: 78/78 MP: 7/7
  3219 | D:5      | Noticed dogaso222's ghost (novice OnAE)
  3655 | D:5      | Reached * piety under Okawaru
  3801 | D:5      | Found a runed translucent door.
  3802 | D:5      | Noticed Crazy Yiuf
  3809 | D:5      | Killed Crazy Yiuf
  3907 | D:5      | Noticed a troll
  3908 | D:5      | Found a runed translucent gate.
  3908 | D:5      | Found a runed translucent gate.
  3909 | D:5      | Found a runed translucent gate.
  3968 | D:5      | Noticed Blork the orc
  3974 | D:5      | Killed Blork the orc
  3975 | D:5      | Reached skill level 6 in Axes
  4028 | D:5      | Found a glowing silver altar of Zin.
  4570 | D:6      | Reached ** piety under Okawaru
  4625 | D:6      | Reached XP level 9. HP: 84/86 MP: 8/8
  4626 | D:6      | Reached skill level 7 in Axes
  4636 | D:6      | Reached skill level 5 in Shields
  4754 | D:6      | Reached skill level 1 in Stealth
  4781 | D:5      | Reached skill level 5 in Fighting
  4958 | D:6      | Reached skill level 5 in Dodging
  5150 | D:6      | HP: 1/68 [wight/+0 battleaxe (6)]
  5341 | D:6      | Found Qenwuphu's Fire Supplies.
  5460 | D:7      | HP: 2/73 [orc warrior/+0 dire flail (5)]
  5461 | D:7      | Slain by an orc priest

Illustrated notes

Levels and vault maps discovered:
D:1:      psy_arrival_spokes, layout_loops_ring
D:2:      layout_rooms, hellmonk_ecumenical_altar_run_dry
D:3:      layout_loops_ring, nicolae_kikubaaqudgha_miasma_corner, uniq_robin,
          uniq_grinder
D:4:      layout_basic, minmay_temple_entry_mini_moons,
          pf_guarded_unrand_delatra, uniq_menkaure
D:5:      layout_basic, kennysheep_mini, gammafunk_ghost_split,
          uniq_crazy_yiuf_cottage, uniq_blork_the_orc
D:6:      layout_cave_pools, nicolae_shop_fire_sale [nicolae_sub_dead_trees],
          minmay_between
D:7:      hellmonk_destroyed_diamonds, layout_cave_pools,
          kennysheep_generic_room_10
Temple:   minmay_crystal_spiral_temple

Skill      XL: |  1  2  3  4  5  6  7  8  9 |
---------------+----------------------------+-----
Axes           | 2 3 4 5 6 7 |  7.7
Shields        | 3 4 5 |  5.5
Fighting       | 3 4 5 |  5.1
Dodging        | 3 4 5 |  5.1
Stealth        | 1 |  1.0
Throwing       | |  0.8

Action                     |  1- 3 |  4- 6 |  7- 9 || total
---------------------------+-------+-------+-------++-------
  Melee: War axe           |   102 |   139 |   371 ||   612
  Throw: Dart              |       |       |     5 ||     5
 Invoke: Heroism           |       |       |     1 ||     1
  Evoke: Wand              |       |       |     1 ||     1
    Use: Scroll            |       |     1 |     7 ||     8
         Potion            |       |     2 |     3 ||     5
   Stab: Sleeping          |     1 |       |     1 ||     2
 Armour: Robe              |    62 |   101 |   333 ||   496
         Skin              |       |     3 |       ||     3
  Dodge: Dodged            |    34 |    68 |   164 ||   266
  Block: Kite shield       |    45 |    63 |   186 ||   294
